 Dungeon Crawl Stone Soup version 0.19.4-10-g532645f (webtiles) character file.

170 zidoval the Chopper (level 5, -2/47 HPs)
             Began as a Hill Orc Berserker on Feb 23, 2017.
             Was a Believer of Trog.
             Slain by an ogre
             ... wielding a +0 giant spiked club
              (15 damage)
             ... on level 4 of the Dungeon.
             The game lasted 00:09:41 (2882 turns).

zidoval the Chopper (Hill Orc Berserker)            Turns: 2882, Time: 00:09:41

Health: -2/47      AC: 14    Str: 21    XL:     5   Next: 51%
Magic:  5/5        EV:  6    Int:  7    God:    Trog [**....]
Gold:   166        SH:  0    Dex: 10    Spells: 0 memorised, 4 levels left

rFire  . . .     SeeInvis .     a - +0 hand axe
rCold  . . .     Gourm    .     g - +0 plate armour
rNeg   . . .     Faith    .     (no shield)
rPois  .         Spirit   .     (no helmet)
rElec  .         Reflect  .     q - +0 cloak
rCorr  .         Harm     .     (no gloves)
MR     .....                    i - +0 pair of boots (curse)
Stlth  ..........               (no amulet)
                                (no ring)
                                (no ring)

@: no status effects
A: no striking features
a: Berserk, Trog's Hand, Burn Spellbooks, Renounce Religion


You were on level 4 of the Dungeon.
You worshipped Trog.
Trog was pleased with you.
You were not hungry.

You visited 1 branch of the dungeon, and saw 4 of its levels.

You collected 166 gold pieces.

Inventory:

Hand Weapons
 a - a +0 hand axe (weapon)
 y - a +1 vampiric hand axe
Armour
 g - a +0 plate armour (worn)
 i - a cursed +0 pair of boots (worn)
 q - a +0 cloak (worn)
Jewellery
 f - an uncursed amulet of regeneration {unknown}
 m - an uncursed ring of protection from cold {unknown}
Wands
 u - a wand of iceblast (7/15)
Scrolls
 d - a scroll of recharging {unknown}
 e - a scroll of fog {unknown}
 j - 3 scrolls of identify {unknown}
 o - 2 scrolls of magic mapping {unknown}
 p - a scroll of enchant armour {unknown}
 v - 3 scrolls of remove curse {unknown}
Potions
 b - 2 potions of haste {unknown}
 k - a potion of might {unknown}
 n - 5 potions of heal wounds {unknown}
 r - a potion of lignification {unknown}
 s - a potion of curing {unknown}
 t - a potion of magic {unknown}
 x - a potion of invisibility {unknown}
Comestibles
 c - 4 bread rations
 h - 13 fruits
 l - 2 slices of pizza
 w - a royal jelly
 z - a meat ration
 A - 2 chunks of flesh


   Skills:
 + Level 4.8 Fighting
 + Level 5.9 Axes
 + Level 3.8 Armour
 - Level 1.5 Dodging


You had 4 spell levels left.
You didn't know any spells.

Dungeon Overview and Level Annotations

Branches:
Dungeon (4/15)
 Temple: D:4-7

Altars:
Cheibriados
Vehumet

Shops:
D:4 [%*[


Message History

The ogre hits you with a giant spiked club.
You hit the ogre but do no damage.
The ogre is moderately wounded.
You hit the ogre but do no damage.
The ogre is moderately wounded.
The ogre barely misses you.
You barely miss the ogre.
The ogre is moderately wounded.
The ogre hits you with a giant spiked club!
* * * LOW HITPOINT WARNING * * *
You hit the ogre but do no damage.
The ogre is moderately wounded.
There is an open door, spattered with blood here.
Things that are here:
a leather armour; a short sword x2
Some of the chunks of flesh in your inventory have rotted away.
Things that are here:
a club; an orc skeleton The ogre hits you with a giant spiked club!
You die...

..# #.....#+########.....##
.......#.....#.......)#.....#
.......#.....#........[.....#
#####..#........(....)#.....#
.. .#.....#.#.#.#..##+#.....
.. +......#.∩.#......#.....
.. .+
#.)...#.#.#.#.....#.....
....##+#.<....∩..O∩..#..##
....
###.>....#+#.#.#@#.#.#..# .##
..#......#....#.∩.#.....#
..#......#...#.#.#.#....+
..#......#..............#
###......#..#...#...#####
....######+###..##..#
....#...............#
....#...............#
....#...............#


You could see an ogre.

Vanquished Creatures
  The ghost of harcile the Firebug, an amateur HuFE (D:3)
  4 adders
  An ooze (D:2)
  An adder skeleton (D:4)
  2 dart slugs (D:1)
  A leopard gecko (D:2)
  6 orcs (D:4)
  2 giant cockroaches
  5 goblins
  3 hobgoblins
  8 bats
  3 frilled lizards (D:1)
  6 kobolds
  2 rats
45 creatures vanquished.

Notes
Turn   | Place    | Note
-------+----------+-------------------------------------------
     0 | D:1      | zidoval the Hill Orc Berserker began the quest for the Orb.
     0 | D:1      | Reached XP level 1. HP: 19/19 MP: 1/1
   270 | D:1      | Reached XP level 2. HP: 25/27 MP: 2/2
   930 | D:2      | Reached skill level 5 in Axes
   930 | D:2      | Reached XP level 3. HP: 33/33 MP: 3/3
  1076 | D:2      | Found a radiant altar of Vehumet.
  1763 | D:3      | Noticed harcile's ghost (amateur HuFE)
  1808 | D:3      | Killed harcile's ghost
  1808 | D:3      | Reached XP level 4. HP: 35/41 MP: 4/4
  1808 | D:3      | Reached XP level 5. HP: 40/47 MP: 5/5
  2037 | D:3      | Found a snail-covered altar of Cheibriados.
  2037 | D:3      | Found a faded altar of an unknown god.
  2042 | D:3      | Found a faded altar of an unknown god.
  2044 | D:3      | Found a faded altar of an unknown god.
  2046 | D:3      | Found a faded altar of an unknown god.
  2561 | D:4      | Found Xofahia's Antique Armour Boutique.
  2577 | D:4      | Found Hetig's Antique Armour Boutique.
  2578 | D:4      | Found Ucono's General Store.
  2578 | D:4      | Found Noopleri's Food Boutique.
  2761 | D:4      | Reached ** piety under Trog
  2864 | D:4      | Noticed an ogre
  2882 | D:4      | Slain by an ogre

Skill      XL: |  1  2  3 |
---------------+----------+-----
Axes           | 5 |  5.9
Fighting       | 4 |  4.8
Armour         | 3 |  3.8
Dodging        | |  1.5

Action                   |  1- 3 |  4- 6 || total
-------------------------+-------+-------++-------
Melee: Hand axe          |   128 |    71 ||   199
  Eat: Chunk             |     3 |     3 ||     6
Armor: Plate armour      |    78 |    56 ||   134
       Animal skin       |     1 |       ||     1
Dodge: Dodged            |    47 |    24 ||    71
